 Dungeon Crawl Stone Soup version 0.28-a0-1513-ge4f4046303 (webtiles) character file.

Game seed: 6508343061397270606

32 Gargoyl the Skirmisher (level 3, -7/35 HPs)
             Began as a Gnoll Abyssal Knight on Jan 16, 2022.
             Was an Initiate of Lugonu.
             Mangled by an orc priest (8 damage)
             ... on level 2 of the Dungeon.
             The game lasted 00:01:06 (1564 turns).

Gargoyl the Skirmisher (Gnoll Abyssal Knight)       Turns: 1564, Time: 00:01:06

Health: -7/35      AC:  3    Str: 14    XL:     3   Next: 27%
Magic:  6/6        EV: 12    Int:  9    God:    Lugonu [......]
Gold:   24         SH:  0    Dex: 12    Spells: 3/3 levels left

rFire   . . .      SeeInvis .   a - +2 hand axe
rCold   . . .      Faith    .   (no shield)
rNeg    . . .      Spirit   .   b - +0 leather armour
rPois   .          Reflect  .   (no helmet)
rElec   .          Harm     .   (no cloak)
rCorr   .          Rampage  .   (no gloves)
Will    .....                   (no boots)
Stlth   +.........              (no amulet)
HPRegen 0.11/turn               (no ring)
MPRegen 0.10/turn               (no ring)

@: no status effects
A: fangs 1, strong nose, distributed training
a: Renounce Religion


You were on level 2 of the Dungeon.
You worshipped Lugonu.
Lugonu was noncommittal.
You visited 1 branch of the dungeon, and saw 2 of its levels.
You visited the Abyss 1 time.

You collected 24 gold pieces.

Inventory:

Hand Weapons
 a - a +2 hand axe (weapon)
Missiles
 c - 5 poisoned darts (quivered)
Armour
 b - a +0 leather armour (worn)
Jewellery
 g - an amulet of regeneration
Scrolls
 f - a scroll of immolation {unknown}
Potions
 d - a potion of might {unknown}
 e - 2 potions of curing
 h - a potion of haste {unknown}


   Skills:
 + Level 6.5 Fighting
 + Level 0.7 Short Blades
 + Level 0.7 Long Blades
 + Level 4.5 Axes
 + Level 0.7 Maces & Flails
 + Level 0.7 Polearms
 + Level 0.7 Staves
 + Level 0.7 Slings
 + Level 0.7 Bows
 + Level 0.7 Crossbows
 + Level 0.7 Throwing
 + Level 4.5 Armour
 + Level 2.6 Dodging
 + Level 0.7 Stealth
 + Level 0.7 Shields
 + Level 0.7 Unarmed Combat
 + Level 0.7 Spellcasting
 + Level 0.5 Conjurations
 + Level 0.5 Hexes
 + Level 0.5 Summonings
 + Level 0.5 Necromancy
 + Level 0.5 Translocations
 + Level 0.5 Transmutations
 + Level 0.5 Fire Magic
 + Level 0.5 Ice Magic
 + Level 0.5 Air Magic
 + Level 0.5 Earth Magic
 + Level 0.5 Poison Magic
 + Level 4.5 Invocations
 + Level 0.7 Evocations


You had 3 spell levels left.
You didn't know any spells.
Your spell library was empty.

Dungeon Overview and Level Annotations

Branches:
Dungeon (2/15)

Altars:

Shops:
D:1 (


Innate Abilities, Weirdness & Mutations

You have very sharp teeth.
Your uncanny sense of smell can sniff out nearby items.
Your experience applies equally to all skills.


Message History

You hit the orc priest. The orc closely misses you.
The orc priest begins to cast a cantrip, but forgets the words!
You hit the orc.
The orc is severely wounded.
You hit the orc priest. You hit the orc wizard.
The orc hits you with a +0 short sword. The orc priest completely misses you.
The orc wizard points at you and mumbles some strange words.
You are confused.
Unknown command.
You miss the orc priest.
The orc priest is severely wounded.
You hit the orc.
You kill the orc!
Lugonu accepts your kill.
You hit the orc. You barely miss the orc wizard. The orc barely misses you.
The orc priest completely misses you. The orc wizard misses you.
You're too confused to move!
The orc hits you with a +0 flail. The orc priest closely misses you.
The orc wizard hits you with a +0 dagger.
Unknown command.
Found 15 gold pieces.
The orc closely misses you.
The orc priest hits you with a +0 flail.
* * * LOW HITPOINT WARNING * * *
The orc wizard barely misses you.
Items here: ))) [.
Unknown command.
The orc priest closely misses you.
Unknown command.
The orc wizard gestures wildly while chanting.
The orc wizard flickers and vanishes!
Deactivating autopickup; reactivate with Ctrl-A.
Unknown command.
You closely miss the orc.
The orc is lightly wounded.
You barely miss the orc priest.
You feel less confused. The orc hits you with a +0 flail!
* * * LOW HITPOINT WARNING * * *
The orc priest hits you with a +0 flail!
You die...

...........### #.....
......
##.##.###....########
..........#.........##
....#(........#...#..##
.........##..).......$#.
###...........{......⌠#.
####.....##.....o....$#
........####..#o@.#..##
#####...# #........##
.## #...# #.########
..###...# #.. ...##...#
### .......## ...#####
..## ###


You could see an orc priest and an orc.

Vanquished Creatures
  An adder (D:2)
  4 orcs (D:2)
  2 ball pythons (D:1)
  A bat (D:2)
  An endoplasm (D:2)
  A giant cockroach (D:1)
  A goblin (D:2)
  A hobgoblin (D:1)
  A kobold (D:2)
  3 quokkas
16 creatures vanquished.

Vanquished Creatures (others)
  A fungus (D:1)
  2 plants (D:1)
3 creatures vanquished.

Grand Total: 19 creatures vanquished

Notes
Turn   | Place    | Note
-------+----------+-------------------------------------------
     0 | Abyss:1  | Gargoyl the Gnoll Abyssal Knight began the quest for the
                  | Orb.
     0 | Abyss:1  | Reached XP level 1. HP: 23/23 MP: 3/3
    11 | Abyss:1  | Found a corrupted altar of Lugonu.
    12 | D:1      | Escaped the Abyss
   112 | D:1      | Reached * piety under Lugonu
   400 | D:1      | Found a faded altar of an unknown god.
   717 | D:1      | Found Lewig's Antique Weapon Boutique.
  1167 | D:2      | Reached XP level 2. HP: 29/29 MP: 5/5
  1240 | D:1      | Reached XP level 3. HP: 5/35 MP: 6/6
  1564 | D:2      | HP: 1/35 [orc (7)]
  1564 | D:2      | Mangled by an orc priest

Illustrated notes

Levels and vault maps discovered:
D:1:      pf_arrival_petrified_forest, layout_basic, serial_shops,
          nicolae_diamond_shop, shapermc_ecumenical_altar_mp_urbaneastern
D:2:      cheibrodos_pilgrimage, layout_loops_ring, grunt_ministairs_12

Action                   || total
-------------------------++-------
Melee: Hand axe          ||    46
       Bite              ||     3
Invok: Depart the Abyss  ||     1
  Use: Scroll            ||     2
       Potion            ||     1
 Stab: Sleeping          ||     1
Armor: Leather armour    ||     4
Dodge: Dodged            ||    53

Table legend: (Time is in decaauts)
 A = Elapsed time spent in this place.
 B = Non-inter-level travel time spent in this place.
 C = Inter-level travel time spent in this place.
 D = Time resting spent in this place.
 E = Time spent auto-exploring this place.
 F = Levels seen in this place.
 G = Mean time per level.
                   A        B        C        D        E       F      G
               +--------+--------+--------+--------+--------+-----+--------+
         Total |   1568 |   1490 |     78 |    267 |   1076 |   3 |  522.7 |
       Dungeon |   1556 |   1478 |     78 |    267 |   1065 |   2 |  778.0 |
         Abyss |     12 |     12 |      0 |      0 |     11 |   1 |   12.0 |
               +--------+--------+--------+--------+--------+-----+--------+

Top non-repeatable levels by time:
     D:1: 1423 daAuts
     D:2: 132 daAuts
 Abyss:1: 12 daAuts
